 Dungeon Crawl Stone Soup version 0.27-a0-277-g024f7ef292 (webtiles) character file.

Game seed: 10249258014360487931

26 Nattfarinn the Insei (level 3, -1/28 HPs)
             Began as a Gnoll Transmuter on Feb 7, 2021.
             Killed from afar by Natasha (6 damage)
             ... with a magic dart
             ... on level 2 of the Dungeon.
             The game lasted 00:02:37 (1389 turns).

Nattfarinn the Insei (Gnoll Transmuter)             Turns: 1389, Time: 00:02:39

Health: -1/28      AC:  6    Str: 10    XL:     3   Next: 8%
Magic:  9/9        EV:  9    Int: 12    God:
Gold:   79         SH:  0    Dex: 12    Spells: 11/12 levels left

rFire    . . .     SeeInvis .   h - +1 dagger (venom)
rCold    . . .     Faith    .   (no shield)
rNeg     . . .     Spirit   .   g - +0 scale mail (curse)
rPois    .         Reflect  .   (no helmet)
rElec    .         Harm     .   (no cloak)
rCorr    .         Rampage  .   (no gloves)
Will     .....                  (no boots)
Stlth    ..........             (no amulet)
HPRegen  0.09/turn              (no ring)
MPRegen  0.11/turn              (no ring)

@: no status effects
A: distributed training, fangs 1, strong nose
a: no special abilities


You were on level 2 of the Dungeon.
You visited 1 branch of the dungeon, and saw 2 of its levels.

You collected 79 gold pieces.

Inventory:

Hand Weapons
 e - a +0 dagger
 h - a +1 dagger of venom (weapon)
Missiles
 c - 4 silver javelins (quivered)
Armour
 a - a +0 robe
 g - a cursed +0 scale mail (worn)
Jewellery
 b - an uncursed amulet of regeneration {unknown}
Scrolls
 d - a scroll of blinking {unknown}
 j - a scroll of identify {unknown}
Potions
 f - a potion of flight {unknown}
 i - 2 potions of attraction {unknown}


   Skills:
 + Level 2.5 Fighting
 + Level 0.6 Short Blades
 + Level 0.6 Long Blades
 + Level 0.6 Axes
 + Level 0.6 Maces & Flails
 + Level 0.6 Polearms
 + Level 0.6 Staves
 + Level 0.6 Slings
 + Level 0.6 Bows
 + Level 0.6 Crossbows
 + Level 0.6 Throwing
 + Level 0.6 Armour
 + Level 4.5 Dodging
 + Level 0.6 Stealth
 + Level 0.6 Shields
 + Level 6.5 Unarmed Combat
 + Level 5.0 Spellcasting
 + Level 0.4 Conjurations
 + Level 0.4 Hexes
 + Level 0.4 Summonings
 + Level 0.4 Necromancy
 + Level 0.4 Translocations
 + Level 3.7 Transmutations
 + Level 0.4 Fire Magic
 + Level 0.4 Ice Magic
 + Level 0.4 Air Magic
 + Level 0.4 Earth Magic
 + Level 0.4 Poison Magic
 + Level 0.8 Invocations
 + Level 0.6 Evocations


You had 11 spell levels left.
You knew the following spells:

 Your Spells              Type           Power        Failure   Level
a - Beastly Appendage     Tmut           24%          30%         1

Your spell library contained the following spells:

 Spells                   Type           Power        Failure   Level
 Wereblood                Tmut           12%          41%         2
 Spider Form              Tmut/Pois      4%           87%         3
 Ice Form                 Ice/Tmut       8%           99%         4
 Blade Hands              Tmut           6%           100%        5


Dungeon Overview and Level Annotations

Branches:
Dungeon (2/15)

Altars:
Uskayaw

Annotations:
D:2 Natasha


Innate Abilities, Weirdness & Mutations

Your experience applies equally to all skills.
You have very sharp teeth.
Your uncanny sense of smell can sniff out nearby items.


Message History

There is an open door here.
Natasha claws you!
You hit Natasha but do no damage. You bite Natasha, but do no damage.
Natasha barely misses you.
You hit Natasha but do no damage. Natasha closely misses you.
You closely miss Natasha. Natasha claws you.
There is an open door here.
You hit Natasha. Your bite misses Natasha.
Natasha is moderately wounded.
Natasha mumbles some strange words.
You barely miss Natasha.
Natasha is moderately wounded.
Natasha claws you.
You hit Natasha.
Natasha is poisoned.
Your bite misses Natasha.
Natasha is heavily wounded.
The iron imp hits you.
* * * LOW HITPOINT WARNING * * *
Natasha casts a spell at you. The magic dart hits you.
You die...

##.....#........#####
##........###.#.......
#.........###...#####.
+.........'.....# #.
#.........###.>.# #.
#........# ###.# #.
##.....#.# #.#####.
##..5##.#####.......
##@###........#.###
#h# ##########.# #.#
#.# #.# #.# ... #.#
... #.# #...# ..#
....# #....


You could see an iron imp (summoned) and Natasha (very poisoned).

Vanquished Creatures
  An ooze (D:2)
  A worm (D:2)
  A dart slug (D:1)
  A leopard gecko (D:1)
  A giant cockroach (D:1)
  2 hobgoblins (D:1)
  4 bats
  A frilled lizard (D:1)
  3 kobolds
  A rat (D:2)
16 creatures vanquished.

Notes
Turn   | Place    | Note
-------+----------+-------------------------------------------
     0 | D:1      | Nattfarinn the Gnoll Transmuter began the quest for the
                  | Orb.
     0 | D:1      | Reached XP level 1. HP: 17/17 MP: 6/6
   373 | D:1      | Reached XP level 2. HP: 19/23 MP: 7/7
   965 | D:2      | Found a hide-covered altar of Uskayaw.
  1346 | D:2      | Reached skill level 5 in Spellcasting
  1346 | D:2      | Reached XP level 3. HP: 28/28 MP: 7/9
  1380 | D:2      | Noticed Natasha
  1389 | D:2      | Killed from afar by Natasha

Illustrated notes

Levels and vault maps discovered:
D:1:      minmay_arrival_stair_chambers, layout_basic, serial_glass,
          glass_columns_a, glass_columns_a
D:2:      layout_loops_corners, general_overflow_altar,
          overflow_temple_1_default, lemuel_crystal_altar, old_standard_altar,
          minmay_misc_feat_hallway, uniq_natasha, uniq_crazy_yiuf_cottage

Skill      XL: |  1  2 |
---------------+-------+-----
Spellcasting   | 5 |  5.0
Fighting       | |  2.5
Short Blades   | |  0.6
Long Blades    | |  0.6
Axes           | |  0.6
Maces & Flails | |  0.6
Polearms       | |  0.6
Staves         | |  0.6
Slings         | |  0.6
Bows           | |  0.6
Crossbows      | |  0.6
Throwing       | |  0.6
Armour         | |  0.6
Dodging        | |  4.5
Stealth        | |  0.6
Shields        | |  0.6
Unarmed Combat | |  6.5
Conjurations   | |  0.4
Hexes          | |  0.4
Summonings     | |  0.4
Necromancy     | |  0.4
Translocations | |  0.4
Transmutations | |  3.7
Fire Magic     | |  0.4
Ice Magic      | |  0.4
Air Magic      | |  0.4
Earth Magic    | |  0.4
Poison Magic   | |  0.4
Invocations    | |  0.8
Evocations     | |  0.6

Action                   || total
-------------------------++-------
Melee: Unarmed           ||    24
       Dagger            ||    27
       Bite              ||     5
       Punch             ||     4
       Kick              ||     1
       Headbutt          ||     1
 Cast: Beastly Appendage ||     3
 Stab: Sleeping          ||     1
Armor: Robe              ||     2
       Scale mail        ||     6
Dodge: Dodged            ||    22

Table legend: (Time is in decaauts)
 A = Elapsed time spent in this place.
 B = Non-inter-level travel time spent in this place.
 C = Inter-level travel time spent in this place.
 D = Time resting spent in this place.
 E = Time spent auto-exploring this place.
 F = Levels seen in this place.
 G = Mean time per level.
                   A        B        C        D        E       F      G
               +--------+--------+--------+--------+--------+-----+--------+
         Total |   1383 |   1354 |     29 |    458 |    759 |   2 |  691.5 |
       Dungeon |   1383 |   1354 |     29 |    458 |    759 |   2 |  691.5 |
               +--------+--------+--------+--------+--------+-----+--------+

Top non-repeatable levels by time:
     D:1: 928 daAuts
     D:2: 454 daAuts
